 Dungeon Crawl Stone Soup version 0.27.1 (webtiles) character file.

Game seed: 2121454376801387828

7 shadowrider38 the Charlatan (level 1, -5/16 HPs)
             Began as a Deep Dwarf Artificer on Aug 26, 2021.
             Slain by an ogre (16 damage)
             ... on level 2 of the Dungeon.
             The game lasted 00:06:22 (1279 turns).

shadowrider38 the Charlatan (Deep Dwarf Artificer)  Turns: 1279, Time: 00:06:23

Health: -5/16      AC:  3    Str: 15    XL:     1   Next: 83%
Magic:  1/1        EV: 11    Int: 11    God:
Gold:   39         SH:  0    Dex: 13    Spells: 0/0 levels left

rFire    . . .     SeeInvis .   a - +0 club
rCold    . . .     Faith    .   (no shield)
rNeg     . . .     Spirit   .   b - +0 leather armour
rPois    .         Reflect  .   (no helmet)
rElec    .         Harm     .   (no cloak)
rCorr    .         Rampage  .   (no gloves)
Will     .....                  (no boots)
Stlth    ++........             (no amulet)
HPRegen  0.00/turn              (no ring)
MPRegen  0.07/turn              (no ring)

@: no status effects
A: damage resistance, heal wounds, sense surroundings 1, no regeneration
a: Heal Wounds


You were on level 2 of the Dungeon.
You visited 1 branch of the dungeon, and saw 2 of its levels.

You collected 39 gold pieces.

Inventory:

Hand Weapons
 a - a +0 club (weapon)
Armour
 b - a +0 leather armour (worn)
Wands
 c - a wand of flame (15) (quivered)
 d - a wand of charming (15)
Scrolls
 f - a scroll of amnesia {unknown}
 g - 2 scrolls of identify {unknown}
Miscellaneous
 e - a piece from Xom's chessboard (15/15)


   Skills:
 - Level 0.8 Fighting
 - Level 2.1 Armour
 - Level 1.1 Dodging
 + Level 2.0 Stealth
 + Level 4.3 Evocations


You couldn't memorise any spells.
You didn't know any spells.
Your spell library was empty.

Dungeon Overview and Level Annotations

Branches:
Dungeon (2/15)

Altars:

Shops:
D:1 ?


Innate Abilities, Weirdness & Mutations

You are resistant to damage.
You can heal yourself by infusing magical energy.
You passively map a small area around you.
You do not regenerate.


Message History

The quokka barely misses you.
You barely miss the quokka.
The quokka is almost dead.
The quokka closely misses you. The quokka barely misses you.
You hit the quokka.
You kill the quokka!
Found a scroll labelled ZEGHAU VYFEB.
g - 2 scrolls labelled ZEGHAU VYFEB (gained 1)
You don't know any spells.
You can't go down here!
Unknown command.
There is a stone staircase leading down here.
A frilled lizard comes into view.
The frilled lizard closely misses you.
You barely miss the frilled lizard. The frilled lizard barely misses you.
You closely miss the frilled lizard.
The frilled lizard bites you but does no damage. x2
You completely miss the frilled lizard. The frilled lizard bites you.
You hit the frilled lizard.
You kill the frilled lizard!
Your Stealth skill increases to level 2!
There is a stone staircase leading down here.
Found Raikkume's Magic Scroll Shop.
There is an entrance to Raikkume's Magic Scroll Shop here.
Unknown command.
There is a stone staircase leading down here.
You climb downwards.
Found 11 gold pieces.
There is a stone staircase leading up here.
You now have 39 gold pieces (gained 8).
An ogre comes into view. It is wielding a +0 giant club.
An ogre is nearby!
An ogre is nearby!
An ogre is nearby!
Found 11 gold pieces.
A rat comes into view.
The ogre shouts!
The ogre hits you with a +0 giant club!
Ouch! That really hurt!
You die...

* , ... ####.####.#
#.......#.#,
#.###.#.#.# #.#.#.#
*
#+#+###.#.#.#+####+
........#<#r.......
.........##........
,*
...........@.......,
,.......#..#.O..$...
.....$.............
*
........#..........
........##.........
#+#..... #..#......
#.#### #..#......
,#. #..#...... , , ,


You could see an ogre and a rat.

Vanquished Creatures
  A bat (D:1)
  A goblin (D:1)
  2 kobolds (D:1)
  A quokka (D:1)
  A frilled lizard (D:1)
6 creatures vanquished.

Notes
Turn   | Place    | Note
-------+----------+-------------------------------------------
     0 | D:1      | shadowrider38 the Deep Dwarf Artificer began the quest for
                  | the Orb.
     0 | D:1      | Reached XP level 1. HP: 16/16 MP: 1/1
  1243 | D:1      | Found Raikkume's Magic Scroll Shop.
  1274 | D:2      | Noticed an ogre
  1279 | D:2      | Slain by an ogre

Illustrated notes

Levels and vault maps discovered:
D:1:      sevenhm_arrival_forest_fort_large_2, layout_basic, serial_shops, shop,
          kennysheep_another_room
D:2:      layout_basic, serial_bayou_crossing, uniq_robin

Skill      XL: |  1 |
---------------+----+-----
Stealth        | 2 |  2.0
Fighting       | |  0.8
Armour         | |  2.1
Dodging        | |  1.1
Evocations     | |  4.3

Action                   || total
-------------------------++-------
Melee: Club              ||    89
 Abil: Heal Wounds       ||     1
 Stab: Sleeping          ||     2
Armor: Leather armour    ||    39
Dodge: Dodged            ||    87
